 Dungeon Crawl Stone Soup version 0.23-a0-642-g3120c2f (webtiles) character file.

141 zishaf the Skirmisher (level 5, -3/57 HPs)
             Began as an Ogre Chaos Knight on Dec 31, 2018.
             Was a Plaything of Xom.
             Slain by an iron imp (4 damage)
             ... summoned by Xom
             ... on level 4 of the Dungeon.
             The game lasted 00:04:21 (2174 turns).

zishaf the Skirmisher (Ogre Chaos Knight)           Turns: 2174, Time: 00:04:21

Health: -3/57      AC:  5    Str: 17    XL:     5   Next: 24%
Magic:  5/5        EV: 10    Int: 13    God:    Xom [*.....]
Gold:   180        SH:  0    Dex:  8    Spells: 4/4 levels left

rFire    . . .     SeeInvis .   a - +0 mace (chaos)
rCold    . . .     Gourm    .   (no shield)
rNeg     . . .     Faith    .   b - +2 robe
rPois    .         Spirit   .   (helmet restricted)
rElec    .         Reflect  .   (no cloak)
rCorr    .         Harm     .   (gloves unavailable)
MR       .....                  (boots unavailable)
Stlth    +.........             (no amulet)
HPRegen  0.59/turn              (no ring)
MPRegen  0.09/turn              (no ring)

@: no status effects
A: large, unfitting armour, deterioration 1, regeneration 1, tough skin 1
a: Renounce Religion


You were on level 4 of the Dungeon.
You worshipped Xom.
You were a special plaything of Xom.
You were not hungry.

You visited 1 branch of the dungeon, and saw 3 of its levels.

You collected 180 gold pieces.

Inventory:

Hand Weapons
 a - a +0 mace of chaos (weapon)
Armour
 b - a +2 robe (worn)
Scrolls
 e - 2 scrolls of teleportation {unknown}
 h - a scroll of noise {unknown}
Potions
 d - a potion of might
 f - a potion of agility
 g - 3 potions of curing
 i - a potion of brilliance {unknown}
 k - a potion of flight
 l - a potion of magic {unknown}
 o - a potion of invisibility {unknown}
 q - a potion of resistance
Comestibles
 c - 5 rations


   Skills:
 + Level 5.1 Fighting
 * Level 4.2 Maces & Flails
 + Level 3.0 Dodging


You had 4 spell levels left.
You didn't know any spells.
Your spell library was empty.

Dungeon Overview and Level Annotations

Branches:
Dungeon (2/15)

Altars:
Hepliaklqana
Xom


Innate Abilities, Weirdness & Mutations

You are too large for most types of armour.
You have tough skin. (AC +1)
Your body sometimes deteriorates upon taking damage.
Your natural rate of healing is unusually fast.


Message History

The ufetubus barely misses you.
The ufetubus hits you but does no damage.
You thump the ufetubus!
You kill the ufetubus!
The iron imp hits you.
You barely miss the orc. The orc barely misses you. The iron imp hits you.
You closely miss the orc. The orc hits you but does no damage.
The iron imp hits you.
* * * LOW HITPOINT WARNING * * *
You barely miss the orc. The orc hits you with a +0 hand axe.
* * * LOW HITPOINT WARNING * * *
The iron imp barely misses you.
You hit the orc but do no damage.
The orc flickers and vanishes!
Deactivating autopickup; reactivate with Ctrl-A.
The iron imp hits you!
* * * LOW HITPOINT WARNING * * *
You closely miss the orc. The orc hits you with a +0 dagger.
* * * LOW HITPOINT WARNING * * *
The iron imp hits you.
You die...

####### ###.....##
### ######
#...###..###.###.....
#...# #..##...##.#...
#...###..#.....#.#.##
#........##...##.#.##
#..##..............##
#..#####.###.###.####
#.{o@5...# #.# #.####
##.####### #+# #.....
#........# ######
#......##.# #
#......# # # #.......
#### ##...... +...
##.#... #### #......
#


You could see an iron imp and an orc.

Vanquished Creatures
  A worker ant (D:4)
  6 adders
  An ooze (D:4)
  2 worms (D:2)
  3 dart slugs (D:1)
  An orc (D:4)
  2 giant cockroaches (D:2)
  6 hobgoblins (D:1)
  5 bats
  6 frilled lizards
  5 goblins
  9 kobolds
  4 rats
51 creatures vanquished.

Notes
Turn   | Place    | Note
-------+----------+-------------------------------------------
     0 | D:1      | zishaf the Ogre Chaos Knight began the quest for the Orb.
     0 | D:1      | Reached XP level 1. HP: 24/24 MP: 1/1
    16 | D:1      | XOM: silly message
    69 | D:1      | XOM: potion effect (brilliance)
    74 | D:1      | Reached XP level 2. HP: 32/32 MP: 2/2
   244 | D:1      | XOM: cloud trail
   381 | D:1      | XOM: scenery: 1 doors close
   733 | D:1      | Reached XP level 3. HP: 40/40 MP: 3/3
  1104 | D:2      | XOM: polymorph orc -> goblin
  1116 | D:2      | Found a hazy altar of Hepliaklqana.
  1120 | D:2      | XOM: 1-stop teleportation journey
  1259 | D:2      | Reached XP level 4. HP: 49/49 MP: 4/4
  1668 | D:2      | XOM: scenery: create altars
  1739 | D:2      | XOM: give mutations
  1739 | D:2      | Gained mutation: Scrolls take you a little longer to read.
                  | [Xom's mischief]
  1739 | D:2      | Gained mutation: You are frail. (-10% HP) [Xom's mischief]
  1758 | D:2      | You fall through a shaft for 2 floors!
  1936 | D:4      | Reached skill level 5 in Fighting
  1936 | D:4      | Reached XP level 5. HP: 51/51 MP: 5/5
  1963 | D:4      | HP: 1/51 [worker ant (3)]
  2006 | D:4      | XOM: harmless Ice miscast
  2013 | D:4      | Lost mutation: Scrolls take you a little longer to read.
                  | [potion of mutation]
  2013 | D:4      | Lost mutation: You are frail. (-10% HP) [potion of
                  | mutation]
  2013 | D:4      | Gained mutation: Your flesh is cold resistant. (rC+)
                  | [potion of mutation]
  2013 | D:4      | Lost mutation: Your flesh is cold resistant. (rC+) [potion
                  | of mutation]
  2013 | D:4      | Gained mutation: Your body sometimes deteriorates upon
                  | taking damage. [potion of mutation]
  2013 | D:4      | Gained mutation: Your natural rate of healing is unusually
                  | fast. [potion of mutation]
  2161 | D:4      | XOM: summons 2 hostile demons
  2174 | D:4      | HP: 1/57 [orc/+0 dagger (2)]
  2174 | D:4      | Slain by an iron imp

Vault maps used:
D:1:      erik_arrival_blinker_ship, minmay_indecisive_spiral
D:2:      lemuel_round_altar, minmay_tetromino_s2
D:4:      gammafunk_cloud_chamber, bh_chokoban

Skill      XL: |  1  2  3  4  5 |
---------------+----------------+-----
Maces & Flails | 3 4 |  4.2
Fighting       | 5 |  5.1
Dodging        | 3 |  3.0

Action                   |  1- 3 |  4- 6 || total
-------------------------+-------+-------++-------
Melee: Mace              |    86 |    83 ||   169
  Use: Scroll            |       |     6 ||     6
       Potion            |       |     4 ||     4
 Stab: Paralysed         |       |     6 ||     6
       Confused          |       |     1 ||     1
  Eat: Chunk             |     1 |     3 ||     4
Armor: Robe              |    45 |    23 ||    68
Dodge: Dodged            |    42 |    56 ||    98

Table legend:
 A = Non-vault XP
 B = Vault XP
 C = Vault XP percentage of total XP
 D = Non-vault monster count
 E = Vault monster count
 F = Vault count percentage of total count
                 A         B        C        D         E       F
            +---------+---------+-------+---------+---------+-------
      Total |     183 |      19 |   9.4 |      45 |       6 |  11.8
            +---------+---------+-------+---------+---------+-------
        D:1 |      35 |       4 |  10.3 |      17 |       4 |  19.0
        D:2 |      63 |      15 |  19.2 |      22 |       2 |   8.3
        D:4 |      85 |       0 |   0.0 |       6 |       0 |   0.0
            +---------+---------+-------+---------+---------+-------
